 Seeded DCSS version 0.27.1-34-g3ba077fa99 (webtiles) character file.

Game seed: 8840528127268114696 (custom seed)

53 voltaire321 the Insei (level 3, -7/23 HPs)
             Began as an Octopode Transmuter on Jan 19, 2022.
             Killed by divine providence
             ... invoked by an orc priest
              (10 damage)
             ... on level 3 of the Dungeon.
             The game lasted 00:04:43 (2356 turns).

voltaire321 the Insei (Octopode Transmuter)         Turns: 2356, Time: 00:04:43

Health: -7/23      AC:  1    Str:  9    XL:     3   Next: 87%
Magic:  6/6        EV: 13    Int: 22    God:
Gold:   64         SH:  0    Dex: 12    Spells: 0/6 levels left

rFire    . . .     SeeInvis +   k - +0 mace (vorpal)
rCold    . . .     Faith    .   (no shield)
rNeg     + . .     Spirit   .   (helmet currently unavailable)
rPois    +         Reflect  .   (no amulet)
rElec    .         Harm     .   b - +6 ring of intelligence
rCorr    .         Rampage  .   c - ring of positive energy
Will     .....                  h - ring of see invisible
Stlth    +++.......             j - ring of poison resistance
HPRegen  0.07/turn              (no ring)
MPRegen  0.10/turn              (no ring)
                                (no ring)
                                (no ring)

@: appendages (expiring)
A: tentacle spike 3, almost no armour, amphibious, 8 rings, camouflage 1,
gelatinous body 1, nimble swimmer 1, tentacles
a: End Transformation


You were on level 3 of the Dungeon.
One of your tentacles had grown a beastly spike.
You visited 1 branch of the dungeon, and saw 3 of its levels.

You collected 64 gold pieces.

Inventory:

Hand Weapons
 d - a +0 short sword
 k - a +0 vorpal mace (weapon)
Missiles
 n - 7 poisoned darts
Jewellery
 b - a +6 ring of intelligence (left tentacle)
 c - a ring of positive energy (right tentacle)
 h - a ring of see invisible (on tentacle)
 j - a ring of poison resistance (on tentacle)
Scrolls
 a - 3 scrolls of acquirement {unknown}
 f - 4 scrolls of identify {unknown}
 g - a scroll of holy word {unknown}
 l - a scroll of magic mapping {unknown}
Potions
 e - 3 potions of curing {unknown}
 i - a potion of might {unknown}
 m - a potion of heal wounds {unknown}


   Skills:
 + Level 1.5 Fighting
 + Level 2.4 Dodging
 + Level 3.4 Unarmed Combat
 + Level 2.3 Spellcasting
 + Level 2.4 Transmutations
 + Level 0.5 Poison Magic


You couldn't memorise any spells.
You knew the following spells:

 Your Spells              Type           Power      Damage    Failure   Level
a - Beastly Appendage     Tmut           26%        N/A       4%          1
b - Wereblood             Tmut           13%        N/A       8%          2
c - Spider Form           Tmut/Pois      4%         N/A       22%         3

Your spell library contained the following spells:

 Spells                   Type           Power      Damage    Failure   Level
 Call Canine Familiar     Summ           2%         N/A       36%         3
 Portal Projectile        Hex/Tloc       4%         N/A       36%         3
 Ice Form                 Ice/Tmut       8%         N/A       61%         4
 Leda's Liquefaction      Hex/Erth       1%         N/A       78%         4


Dungeon Overview and Level Annotations

Branches:
Dungeon (3/15)

Altars:


Innate Abilities, Weirdness & Mutations

One of your tentacles has grown a beastly spike.
You cannot wear most types of armour.
You are amphibious.
You can wear up to eight rings at the same time.
Your skin changes colour to match your surroundings (Stealth+).
Your rubbery body absorbs attacks. (AC +1, EV +1)
You are camouflaged near water. (Stealth+)
You have tentacles for arms and can constrict up to eight enemies at once.


Message History

You constrict the orc, but do no damage.
The orc misses you.
You hit the orc.
You pierce the orc.
You kill the orc!
The endoplasm freezes you.
You are frozen.
Your tentacle spike disappears.
The orc priest shouts!
There is a stone staircase leading up here.
You climb upwards.
There is a stone staircase leading down here.
You start resting.
HP restored.
Casting: Beastly Appendage (safe; 4% risk of failure)
Confirm with . or Enter, or press ? or * to list all spells.
One of your tentacles grows a vicious spike.
You climb downwards.
There is a stone staircase leading up here.
You hit the orc.
You kill the orc!
Your transformation is almost over.
The orc priest mumbles some strange prayers to Beogh against you.
Beogh smites you!
Ouch! That really hurt!
The orc priest invokes the aid of Beogh against you.
Pain shoots through your body!
* * * LOW HITPOINT WARNING * * *
You hit the orc priest. You grab the orc priest.
The orc priest is moderately wounded.
You constrict the orc priest. The orc priest closely misses you.
The endoplasm quivers.
You hit the orc priest.
You tentacle-slap the orc priest, but do no damage.
The orc priest is severely wounded.
You constrict the orc priest.
The orc priest hits you with a +0 short sword.
* * * LOW HITPOINT WARNING * * *
The orc priest mumbles some strange prayers to Beogh against you.
Beogh smites you!
You die...

######## #......#
#......###
########........# ######
.......###.##...##..≈...
######..<.)####≈≈.≈.....
#####.#≈≈≈≈@≈≈≈≈≈≈≈ ###
..###≈≈≈o≈≈≈≈≈≈ ...
#..####J)≈.≈≈... #######
..##......≈....≈
.................#..≈..≈
......######.....####...
....... #........ ...
..#.#. #.......#. ## ###
#.......# #


You could see an orc priest and an endoplasm.

Vanquished Creatures
  An adder (D:2)
  A worm (D:2)
  2 dart slugs
  2 orcs (D:3)
  5 bats
  An endoplasm (D:1)
  4 goblins
  2 hobgoblins (D:1)
  5 kobolds
  A quokka (D:2)
  6 ball pythons
  A frilled lizard (D:2)
  3 rats
34 creatures vanquished.

Notes
Turn   | Place    | Note
-------+----------+-------------------------------------------
     0 | D:1      | voltaire321 the Octopode Transmuter began the quest for the
                  | Orb.
     0 | D:1      | Reached XP level 1. HP: 13/13 MP: 3/3
   286 | D:1      | Reached XP level 2. HP: 18/18 MP: 5/5
  1106 | D:2      | Reached XP level 3. HP: 18/23 MP: 4/6
  1114 | D:2      | Found a faded altar of an unknown god.
  1354 | D:2      | Learned a level 2 spell: Wereblood
  1358 | D:2      | Learned a level 3 spell: Spider Form
  2356 | D:3      | Killed from afar by an orc priest

Illustrated notes

Levels and vault maps discovered:
D:1:      minmay_arrival_semitransparent, layout_basic
D:2:      layout_rooms, chequers_ecumenical_altar_simple_redux,
          minmay_liquid_box
D:3:      layout_rooms, chequers_serial_rivers_small_3, guppyfry_early_lair_pool

Action                   || total
-------------------------++-------
Melee: Unarmed           ||     8
       Short sword       ||    37
       Constrict         ||    22
       Kick              ||    16
       Tentacles         ||    10
       Punch             ||     2
       Mace              ||    19
 Cast: Beastly Appendage ||    17
 Stab: Sleeping          ||     1
Armor: Skin              ||     2
Dodge: Dodged            ||    37
